 Dungeon Crawl Stone Soup version 0.29.0-13-gc9e81de378 (webtiles) character file.

Game seed: 7560891154670431278

1624 sanka the Martial Artist (level 8, -1/59 HPs)
             Began as a Black Draconian Transmuter on Sept 8, 2022.
             Was an Initiate of the Shining One.
             Slain by an ice beast (13 damage)
             ... on level 6 of the Dungeon.
             The game lasted 00:09:59 (6314 turns).

sanka the Martial Artist (DrTm)                     Turns: 6314, Time: 00:10:00

Health: -1/59      AC:  6    Str: 12    XL:     8   Next: 65%
Magic:  6/11       EV: 12    Int: 22    God:    the Shining One [......]
Gold:   403        SH:  0    Dex: 12    Spells: 5/11 levels left

rFire   . . .      SeeInvis .     - Unarmed
rCold   . . .      Faith    +   (no shield)
rNeg    . . .      Spirit   .   (body armour unavailable)
rPois   .          Reflect  .   (helmet currently unavailable)
rElec   +          Harm     .   (no cloak)
rCorr   .          Rampage  .   (no gloves)
Will    .....                   (boots currently unavailable)
Stlth   +.........              n - amulet of faith
HPRegen 0.19/turn               g - ring of wizardry
MPRegen 0.12/turn               f - +6 ring of intelligence

@: appendages (expiring), wereblooded, slowed, glowing, very slow
A: horns 2, talons 2, breathe lightning, AC +6, unfitting armour, electricity
resistance, cold-blooded
a: Breathe Lightning, End Transformation, Renounce Religion


You were on level 6 of the Dungeon.
You worshipped the Shining One.
The Shining One was noncommittal.
You had temporarily grown beastly horns and talons.
You visited 1 branch of the dungeon, and saw 6 of its levels.

You collected 403 gold pieces.


Innate Abilities, Weirdness & Mutations

You have temporarily grown beastly horns and talons.
You can breathe wild blasts of lightning.
Your glossy black scales are hard. (AC +6)
You cannot fit into any form of body armour.
You are resistant to electric shocks. (rElec)
You are cold-blooded and may be slowed by cold attacks.


   Skills:
 - Level 1.1 Fighting
 - Level 1.7 Dodging
 + Level 9.9 Unarmed Combat
 - Level 2.0 Spellcasting
 - Level 6.0 Transmutations


You had 5 spell levels left.
You knew the following spells:

 Your Spells              Type           Power      Damage    Failure   Level
x - Spider Form           Tmut/Pois      15%        N/A       4%          3
y - Wereblood             Tmut           28%        N/A       1%          2
z - Beastly Appendage     Tmut           56%        N/A       1%          1

Your spell library contained the following spells:

 Spells                   Type           Power      Damage    Failure   Level
 Ignite Poison            Fire/Tmut/Pois 11%        N/A       8%          3
 Conjure Flame            Conj/Fire      2%         6-21      16%         3
 Ice Form                 Ice/Tmut       15%        N/A       16%         4
 Sticky Flame             Conj/Fire      2%         2d3       45%         4

Inventory:

Hand Weapons
 o - the +5 dagger of Ypir {vorpal, *Rage *Noise rF+ Int+6}

   It inflicts extra damage upon your enemies.
   Int:       It affects your intelligence (+6).
   rF:        It protects you from fire.
   *Noise:    It may make noises in combat.
   *Rage:     It berserks you when you make melee attacks (+20% chance).
Armour
 y - a +0 pair of gloves
Jewellery
 f - a +6 ring of intelligence (right hand)
 g - a ring of wizardry (left hand)
 n - an amulet of faith (around neck)
 s - an amulet of magic regeneration
Wands
 q - a wand of roots (11)
 x - a wand of polymorph (19)
Scrolls
 b - 5 scrolls of amnesia {unknown}
 c - a scroll of enchant armour {unknown}
 h - a scroll of poison {unknown}
 i - a scroll of teleportation {unknown}
 m - 2 scrolls of noise {unknown}
 r - 5 scrolls of identify {unknown}
 t - a scroll of enchant weapon {unknown}
 u - a scroll of brand weapon {unknown}
 w - 2 scrolls of summoning {unknown}
 B - a scroll of blinking {unknown}
Potions
 a - 2 potions of lignification {!q}
 d - 5 potions of curing {@q1}
 e - a potion of cancellation {unknown}
 j - 3 potions of might {unknown}
 k - 3 potions of attraction {unknown}
 l - 3 potions of heal wounds {unknown}
 p - 2 potions of brilliance {unknown}
 v - 2 potions of mutation {unknown}
 z - a potion of resistance {unknown}
 A - 2 potions of magic {unknown}

Dungeon Overview and Level Annotations

Branches:
Dungeon (6/15)             Temple (0/1) D:6

Altars:
Dithmenos
Kikubaaqudgha
Trog
Yredelemnul
The Shining One

Shops:
D:5

[ ▒▒.▒▒▒.▒▒▒.....▒.▒▒▒▒
▒..............▒.▒
▒▒▒.▒.▒▒.▒...Y..)▒.▒
.[......▒.......▒.▒
▒.▒..▒▒........▒.▒
▒.......▒▒▒▒▒▒▒▒.▒ ▒.▒
▒.....).▒ ▒.▒ ▒.▒
▒.▒...▒Y▒ ▒.▒ ▒.▒
▒......d▒ ▒.▒ ▒.▒
▒.......▒ ▒.▒ ▒.▒
▒.▒...▒.▒ ▒▒.▒ ▒.▒ ▒▒▒▒▒
▒.......▒▒▒▒▒▒▒..▒▒ ▒.▒
▒...▒ ▒.......▒.........▒
▒.▒
▒▒▒.▒▒▒.▒...▒.▒.........▒
▒.▒
▒.....▒.......▒.........▒
▒.▒
▒.▒.▒▒▒.......▒)▒.......▒
▒.▒
▒.▒.▒.▒.▒...▒.▒.▒.▒▒▒.▒÷▒
▒.▒


You could see an ice beast.


Message History

You headbutt the ice beast. You punch the ice beast.
The ice beast is heavily wounded.
You hit the ice beast. Your kick misses the ice beast.
The ice beast is severely wounded.
You howl as the wereblood boils in your veins!
The ice beast misses you.
You hit the ice beast but do no damage. Your kick misses the ice beast.
The ice beast is severely wounded.
Your transformation is almost over.
The ice beast closely misses you.
You hit the ice beast but do no damage.
You claw the ice beast, but do no damage.
You headbutt the ice beast!
The ice beast is almost dead.
The ice beast hits you.
* * * LOW HITPOINT WARNING * * *
The ice beast freezes you!
* * * LOW HITPOINT WARNING * * *
You hit the ice beast but do no damage.
You headbutt the ice beast, but do no damage.
You tail-slap the ice beast.
The ice beast is almost dead.
The ice beast hits you.
* * * LOW HITPOINT WARNING * * *
The ice beast freezes you!
You feel yourself slow down.
You die...

Action                   |  1- 3 |  4- 6 |  7- 9 || total
-------------------------+-------+-------+-------++-------
Melee: Unarmed           |    93 |   118 |   147 ||   358
       Kick              |    18 |    24 |    23 ||    65
       Tailslap          |     8 |    10 |    23 ||    41
       Punch             |     5 |     2 |     4 ||    11
       Headbutt          |    10 |    11 |    20 ||    41
 Cast: Beastly Appendage |    25 |    26 |    14 ||    65
       Wereblood         |     1 |     4 |     1 ||     6
       Spider Form       |       |     3 |     2 ||     5
 Abil: Breathe Lightning |       |       |     1 ||     1
Evoke: Wand              |       |     2 |       ||     2
  Use: Potion            |       |       |     2 ||     2
 Stab: Sleeping          |       |     1 |       ||     1
Armor: Skin              |    23 |    34 |    52 ||   109
Dodge: Dodged            |    50 |    65 |    77 ||   192

Levels and vault maps discovered:
D:1:      minmay_arrival_stone_box, layout_loops_corners,
          ebering_ecumenical_altar_webs, minmay_split_cup_large
D:2:      layout_loops_ring
D:3:      layout_basic, nicolae_yredelemnul_corpse_copse
D:4:      minmay_chambers_of_threes, layout_basic
D:5:      layout_basic, grunt_dithmenos_smoke_and_mirrors,
          mainiacjoe_overflow_catch_the_wave, serial_shops, shop, uniq_eustachio
D:6:      layout_basic, demons_altar, lemuel_doored_altar, temple_hall,
          nicolae_ossuary_entry_plus

Notes
Turn   | Place    | Note
-------+----------+-------------------------------------------
     0 | D:1      | sanka the Draconian Transmuter began the quest for the Orb.
     0 | D:1      | Reached XP level 1. HP: 16/16 MP: 3/3
   574 | D:1      | Found a faded altar of an unknown god.
   583 | D:1      | Reached XP level 2. HP: 23/23 MP: 3/5
   792 | D:1      | Learned a level 2 spell: Wereblood
  1266 | D:2      | Reached XP level 3. HP: 28/28 MP: 4/6
  1295 | D:1      | Learned a level 3 spell: Spider Form
  1381 | D:2      | Reached skill level 3 in Transmutations
  1833 | D:2      | Reached skill level 4 in Unarmed Combat
  2230 | D:2      | Reached XP level 4. HP: 34/35 MP: 5/7
  2331 | D:3      | Identified the +5 dagger of Ypir {vorpal, *Rage *Noise rF+
                  | Int+6}
  2368 | D:3      | Reached XP level 5. HP: 23/40 MP: 5/8
  2540 | D:3      | Reached skill level 4 in Transmutations
  2779 | D:3      | Found a basalt altar of Yredelemnul.
  3526 | D:4      | Reached skill level 5 in Unarmed Combat
  3709 | D:4      | Noticed an ogre
  3721 | D:4      | Killed an ogre
  3722 | D:4      | Reached XP level 6. HP: 20/47 MP: 5/9
  4211 | D:4      | Reached skill level 5 in Transmutations
  4325 | D:5      | Entered Level 5 of the Dungeon
  4325 | D:5      | Found Jashrenn's Armour Shop.
  4469 | D:5      | Reached skill level 6 in Unarmed Combat
  4469 | D:5      | Your scales start taking on a glossy black colour.
  4469 | D:5      | Reached XP level 7. HP: 29/52 MP: 6/10
  4469 | D:5      | Gained mutation: You are resistant to electric shocks.
                  | (rElec) [Black Draconian growth]
  4605 | D:5      | Found an ancient bone altar of Kikubaaqudgha.
  4618 | D:5      | Found a glowing golden altar of the Shining One.
  4737 | D:5      | Found a shadowy altar of Dithmenos.
  5347 | D:5      | Reached skill level 6 in Transmutations
  5381 | D:5      | Noticed Eustachio
  5396 | D:5      | Killed Eustachio
  5397 | D:5      | Reached skill level 7 in Unarmed Combat
  5859 | D:5      | Became a worshipper of the Shining One
  5920 | D:6      | Reached skill level 8 in Unarmed Combat
  5920 | D:6      | Reached XP level 8. HP: 48/59 MP: 9/11
  6003 | D:6      | Reached skill level 9 in Unarmed Combat
  6269 | D:6      | Found a bloodstained altar of Trog.
  6283 | D:6      | Found a staircase to the Ecumenical Temple.
  6314 | D:6      | Slain by an ice beast

Vanquished Creatures
  Eustachio (D:5)
  A water moccasin (D:6)
  2 black bears (D:6)
  A centaur (D:6)
  4 ogres
  2 phantoms
  2 necrophages (D:5)
  2 scorpions (D:6)
  3 hounds
  2 orc priests (D:3)
  2 iguanas
  7 adders
  A white imp (D:5)
  An adder zombie (D:3)
  5 worms
  4 dart slugs
  6 orcs
  13 endoplasms
  2 giant cockroaches
  8 goblins
  10 hobgoblins
  7 jackals
  5 kobolds
  5 quokkas
  9 ball pythons
  2 ball python zombies (D:3)
  6 bats
  A frilled lizard (D:2)
  4 rats
118 creatures vanquished.

Vanquished Creatures (others)
  3 fungi (D:5)
3 creatures vanquished.

Grand Total: 121 creatures vanquished
